 Dungeon Crawl Stone Soup version 0.30.0 (webtiles) character file.

Game seed: 3304732513560846888

677014 bonscott the Archmage (level 27, -5/201 HPs)
             Began as a Djinni Gladiator on Dec 30, 2023.
             Was the Champion of Makhleb.
             Slain by a caustic shrike (11 damage)
             ... in the Vestibule of Hell on Jan 3, 2024.
             The game lasted 14:07:29 (73784 turns).

bonscott the Archmage (Djinni Gladiator)           Turns: 73784, Time: 14:07:30

Health: -5/201     AC: 35    Str: 13      XL:     27
Gold:   4190       EV: 13    Int: 23      God:    Makhleb [******] SH: 15 Dex: 17 (19)

rFire   + + +        f - +3 Elemental Staff {rElec rF+ rC+ AC+3}
rCold   + . .        P - +0 kite shield {reflect}
rNeg    + . .        A - +10 pearl dragon scales
rPois   ∞            J - +2 helmet
rElec   +            H - scarf {repulsion}
rCorr   +            Y - +2 pair of gloves of the Rose {+Inv rCorr Slay+2 Stlth-}
SInv    .            (boots unavailable)
Will    ++...        u - amulet of regeneration Stlth
                     O - ring "Bijenwu" {Fly rF+ rC+}
HPRegen 1.33/turn    V - ring "Gaeceott" {AC+4 Int+3}
MPRegen 0.00/turn

%: repel missiles, reflection, infuse magic (-6 HP)
@: brilliant, marked, corroded, flying, studying 2 skills, invisible
A: sickness immunity, fire resistance 2, cold vulnerability 1, float, innate
caster, HP casting, extra vitality 1
}: 5/15 runes: barnacled, slimy, silver, icy, gossamer
a: Renounce Religion, Evoke Invisibility, Minor Destruction, Lesser Servant of
Makhleb, Major Destruction, Greater Servant of Makhleb


You were in the Vestibule of Hell.
You worshipped Makhleb.
Makhleb was exalted by your worship.
You visited 14 branches of the dungeon, and saw 64 of its levels.
You visited the Abyss 2 times.
You also visited: Bailey.

You collected 7774 gold pieces.
You spent 3584 gold pieces at shops.

Inventory:

Hand Weapons
 a - a +6 demon trident of electrocution
 b - a +3 eveningstar of draining
 d - a +3 trishula of holy wrath
 e - a +2 demon trident of freezing
 f - the +3 Elemental Staff (weapon) {rElec rF+ rC+ AC+3}
   (You took it off a yaktaur on level 5 of the Vaults)

   It enhances your fire, ice, earth and air magic.
   AC:        It affects your AC (+3).
   rF:        It protects you from fire.
   rC:        It protects you from cold.
   rElec:     It insulates you from electricity.
 g - the +8 lance "Wyrmbane" {slay drac, rPois rF+ rC+ AC+3}
   (You found it on level 5 of the Pits of Slime)

   AC:        It affects your AC (+3).
   rF:        It protects you from fire.
   rC:        It protects you from cold.
   rPois:     It protects you from poison.
Missiles
 i - 14 curare-tipped darts
 z - 8 silver javelins
 L - 5 silver boomerangs
 N - 9 throwing nets
Armour
 A - +10 pearl dragon scales (worn)
 H - a scarf of repulsion (worn)
 J - a +2 helmet (worn)
 P - a +0 kite shield of reflection (worn)
 Y - the +2 pair of gloves of the Rose (worn) {+Inv rCorr Slay+2 Stlth-}
   (You found it on level 5 of the Lair of Beasts)

   Slay:      It affects your accuracy & damage with ranged weapons and melee
   (+2).
   +Inv:      It lets you turn invisible.
   rCorr:     It protects you from acid and corrosion.
   Stlth:     It makes you less stealthy.
Magical Staves
 c - the staff of death "Hadwu" {*Slow rPois rC++ rN+ Dex+4}
   (You found it on level 7 of Cocytus)

   [staff of death]

   Your inability to study Necromancy prevents you from drawing on the full
   power of this staff in melee.
   Base accuracy: +5 Base damage: 5 Base attack delay: 1.2 This weapon's minimum
   attack delay (0.6) is reached at skill level 12.
   Dex:       It affects your dexterity (+4).
   rC:        It greatly protects you from cold.
   rPois:     It protects you from poison.
   rN:        It protects you from negative energy.
   *Slow:     It may slow you when you take damage.
   It falls into the 'Staves' category.
   It is a one-handed weapon.
Jewellery
 o - a ring of wizardry
 p - the ring "Qiaptixa" {rC+ SInv}
   (You found it on level 3 of the Lair of Beasts)

   [ring of see invisible]

   rC:        It protects you from cold.
   SInv:      It lets you see invisible.
 r - a +6 ring of intelligence
 u - an amulet of regeneration (around neck)
 D - a ring of willpower
 O - the ring "Bijenwu" (left hand) {Fly rF+ rC+}
   (You found it on level 3 of the Crypt)

   [ring of protection from fire]

   rF:        It protects you from fire.
   rC:        It protects you from cold.
   Fly:       It grants you flight.
 V - the ring "Gaeceott" (right hand) {AC+4 Int+3}
   (You found it on level 5 of the Pits of Slime)

   [ring of protection]

   AC:        It affects your AC (+4).
   Int:       It affects your intelligence (+3).
Wands
 h - a wand of digging (14)
 l - a wand of mindburst (5)
 x - a wand of quicksilver (26)
 E - a wand of charming (67)
 Z - a wand of iceblast (42)
Scrolls
 m - 9 scrolls of fog
 n - 5 scrolls of vulnerability
 q - 9 scrolls of magic mapping
 s - 6 scrolls of immolation
 t - a scroll of torment
 y - 3 scrolls of silence
 I - 5 scrolls of poison
 M - 14 scrolls of teleportation
 R - 3 scrolls of butterflies
 T - 4 scrolls of fear
Potions
 j - 5 potions of curing
 k - 8 potions of cancellation
 v - 3 potions of brilliance
 w - 9 potions of mutation
 B - a potion of resistance
 C - a potion of invisibility
 F - 4 potions of ambrosia
 G - 12 potions of might
 W - 13 potions of lignification
 X - 5 potions of haste
Miscellaneous
 K - a phantom mirror
 U - a condenser vane


   Skills:
 + Level 18.4 Fighting
 - Level 2.8 Long Blades
 - Level 6.0 Maces & Flails
 - Level 10.0 Polearms
 - Level 10.0 Throwing
 + Level 18.6 Armour
 - Level 11.0 Dodging
 - Level 4.0 Stealth
 - Level 18.0 Shields
 O Level 27 Spellcasting
 - Level 14.0 Invocations
 - Level 10.0 Evocations


You knew the following spells:

 Your Spells              Type           Power      Damage    Failure   Level
a - Sting                 Tmut/Pois      100%       1d8       0%          1
c - Lehudib's Crystal Sp  Conj/Erth      74%        10d17     1%          8
d - Dragon Form           Tmut           62%        N/A       1%          7
e - Enfeeble              Hex            62%        N/A       1%          7
f - Fulminant Prism       Conj/Hex       62%        3d26      0%          4
h - Summon Horrible Thin  Summ           62%        N/A       1%          8
l - Lesser Beckoning      Tloc           100%       N/A       0%          2
m - Summon Mana Viper     Hex/Summ       100%       N/A       0%          5
o - Ozocubu's Armour      Ice            100%       N/A       0%          3
p - Plasma Beam           Fire/Air       88%        2x1d116   0%          6
s - Simulacrum            Ice/Necr       74%        N/A       0%          6
v - Vampiric Draining     Necr           100%       2d13      0%          3
x - Polar Vortex          Ice            74%        N/A       8%          9
Your spell library was empty.

Dungeon Overview and Level Annotations

Branches:
Dungeon (15/15)            Temple (1/1) D:6            Lair (5/5) D:8
 Shoals (4/4) Lair:2       Spider (4/4) Lair:3        Slime (5/5) Lair:5
    Orc (2/2) D:12            Elf (3/3) Orc:2        Vaults (5/5) D:13
  Crypt (3/3) Vaults:3       Tomb (0/3) Crypt:3      Depths (4/4) D:15
   Hell (1/1)                 Dis (5/7) Hell            Geh (0/7) Hell
    Coc (7/7) Hell            Tar (0/7) Hell            Zot (0/5) Depths:4
 Bailey (visited)

Altars:
Ashenzari
Cheibriados
Dithmenos
Elyvilon
Fedhas
Gozag
Hepliaklqana
Makhleb
Nemelex Xobeh
Okawaru
Qazlal
Ru
Trog
Uskayaw
Wu Jian
Xom
Yredelemnul
Zin
The Shining One
Jiyva

Shops:
D:1 *   D:3 :   D:5 (   D:10 [   D:13 *(*(!   Orc:2 *[(:   Elf:2 =::=!:=
Shoals:3 (   Vaults:2 (*   Vaults:3 *   Vaults:5 [   Depths:1 **

Portals:
Hell: Depths:1 Depths:2 Depths:4
Abyss: Depths:2 Depths:4
Pandemonium: Depths:2
Ziggurat: Depths:3


Innate Abilities, Weirdness & Mutations

You are immune to sickness and miasma.
You are immune to poison.
Your flesh is very heat resistant. (rF++)
You are vulnerable to cold. (rC-)
You float through the air rather than walking.
You learn spells naturally, not from books.
Your magical power is your life essence.
You have superior vitality. (+4 MHP)


Message History

* * * LOW HITPOINT WARNING * * *
You block the caustic shrike's attack.
The caustic shrike claws you but does no damage.
You block the caustic shrike's attack. The iron golem hits you.
* * * LOW HITPOINT WARNING * * *
The iron golem barely misses you. You block the caustic shrike's attack.
The caustic shrike claws you!
* * * LOW HITPOINT WARNING * * *
You are splashed with acid.
You resist.
* * * LOW HITPOINT WARNING * * *
The caustic shrike closely misses you. The caustic shrike claws you.
* * * LOW HITPOINT WARNING * * *
You are splashed with acid.
You resist.
* * * LOW HITPOINT WARNING * * *
The dread lich gestures wildly while chanting.
You fly up through the gate.
Welcome back to the Vestibule of Hell!
There is a gateway to the Iron City of Dis here.
As you read the scroll of fear, it crumbles to dust.
You assume a fearsome visage.
The caustic shrike resists with almost no effort.
The caustic shrike looks frightened! x3; The iron golem is unaffected.
The caustic shrike claws you.
* * * LOW HITPOINT WARNING * * *
The acid corrodes you!
You are splashed with acid.
You resist.
* * * LOW HITPOINT WARNING * * *
Cornered, the caustic shrike turns to fight!
The caustic shrike claws you!
* * * LOW HITPOINT WARNING * * *
The acid corrodes you!
You are splashed with acid.
You resist.
* * * LOW HITPOINT WARNING * * *
Cornered, the caustic shrike turns to fight!
Okay, then.
Unknown command.
Okay, then.
Press: ? - help, v - describe, . - travel
Here: a caustic shrike The floor.
You fade into invisibility!
The caustic shrike claws you!
You die...

#### #### #@b#
#.∩#
#bb#########..#
###9........### .
#.........# #.
###..b......###
#.
#..###'''###..#
#.
#∩.##.....##.∩# #
#.####.#...#.####
##
#.##.#.....#.##.


You could see an iron golem (unable to see you) and 4 caustic shrikes.

Vanquished Creatures
  Antaeus (Coc:7)
  the Royal Jelly (Slime:5)
  A dread lich (Dis:2)
  Mara (Depths:3)
  An ancient lich (Vaults:5)
  Mennas (Vaults:4)
  A juggernaut (Depths:2)
  10 shard shrikes
  Bai Suzhen (Spider:4)
  Saint Roka (Orc:2)
  10 caustic shrikes
  Geryon (Hell)
  2 golden dragons (Depths:4)
  Jory (Crypt:3)
  2 iron giants
  5 Hell Sentinels
  17 Ice Fiends
  A deep elf blademaster (Elf:3)
  5 tentacled monstrosities
  7 liches
  Asterion (Vaults:3)
  13 titans
  4 quicksilver dragons
  The ghost of IAmTheZeppo the Eclecticist, an adept DjCj of Cheibriados (Shoals:2)
  26 acid blobs
  A kraken (Shoals:4)
  5 sphinxes
  A deep elf master archer (Elf:3)
  25 ancient champions
  The ghost of strontium90w the Severer, an adept MiFi of Ignis (Spider:2)
  4 storm dragons
  25 azure jellies
  4 shadow dragons
  12 rockslimes
  7 tengu reavers
  Kirke (D:15)
  3 revenants (Crypt:3)
  The ghost of Caliliti the Warrior, a journeyman MiFi of Okawaru (Elf:1)
  Donald (Shoals:3)
  25 narguns
  17 frost giants
  12 fire giants
  4 quicksilver elementals
  11 deep elf sorcerers
  2 emperor scorpions
  2 iron dragons
  A balrug (D:12)
  18 vault wardens
  3 caustic shrike zombies (Crypt:3)
  3 ghouls
  3 deep elf elementalists (Elf:3)
  5 spectral caustic shrikes (Depths:2)
  2 draconian stormcallers (Depths:4)
  3 reapers (Hell)
  A spriggan defender (Depths:3)
  A draconian annihilator (Depths:4)
  12 war gargoyles
  14 ironbound preservers
  10 shard shrike simulacra
  3 ghost moths
  A cacodemon (Hell)
  8 quicksilver oozes
  18 vampire knights
  19 stone giants
  4 deep elf demonologists (Elf:3)
  30 elemental wellsprings
  The ghost of Bemoph the Fencer, a journeyman BaCK of Xom (D:15)
  A green draconian (Depths:4)
  27 very ugly things
  9 deep elf annihilators
  Azrael (Lair:3)
  A spark wasp (Depths:2)
  A black draconian (Depths:4)
  A white draconian (Depths:4)
  8 dire elephants
  7 ironbound thunderhulks
  A yellow draconian (Depths:4)
  16 wendigos
  7 iron golems
  An elf zombie (Crypt:3)
  A crystal guardian (Vaults:3)
  The ghost of Ixoagrun the Bludgeoner, a journeyman MiFi of Okawaru (Lair:3)
  Snorg (D:12)
  15 ettins
  A merfolk javelineer (Shoals:2)
  Josephine (Lair:5)
  2 merfolk impalers
  2 spriggan zombies
  4 blizzard demons (Hell)
  2 deep elf death magi
  A kraken zombie (Hell)
  5 fire dragons
  10 great orbs of eyes
  13 jiangshi
  8 deep elf high priests
  8 yaktaur captains
  An entropy weaver (Vaults:1)
  2 quicksilver dragon zombies
  A peacekeeper (Vaults:3)
  3 spriggan air magi
  2 hydras
  27 vault guards
  2 rakshasas
  14 caustic shrike simulacra
  11 ice dragons
  An ogre mage (Vaults:5)
  8 ironbound frosthearts
  5 juggernaut simulacra
  A spriggan skeleton (Crypt:2)
  A centaur warrior (Vaults:1)
  2 merfolk aquamancers
  2 merfolk avatars
  3 radroaches
  A catoblepas (D:14)
  13 dancing weapons
  2 two-headed ogres (D:10)
  3 death knights
  2 tengu warriors
  4 death yaks
  5 deep troll earth magi
  A thrashing horror (Abyss:2)
  10 boulder beetles
  6 deep troll shamans
  5 spriggan berserkers
  A titan zombie (Crypt:1)
  3 hell knights
  11 vampire magi
  2 sun demons (Hell)
  Sonja (D:10)
  6 soul eaters
  Amaemon (Lair:1)
  10 deep elf knights
  5 skysharks
  Nergalle (Lair:1)
  4 crystal echidnas
  10 iron trolls
  5 shadow wraiths
  2 goliath frogs (Lair:4)
  A sixfirhy (Hell)
  A pharaoh ant (Spider:2)
  27 skeletal warriors
  An anaconda zombie (Hell)
  2 wretched stars (Abyss:2)
  49 deep trolls
  8 quicksilver dragon simulacra
  4 sea snakes
  2 orb spiders
  A steelbarb worm (Spider:4)
  2 kraken simulacra (Coc:7)
  A bog body (Crypt:1)
  6 glowing orange brains
  A tengu zombie (D:15)
  4 harpies
  An orb spider (shapeshifter) (Depths:2)
  9 spriggan simulacra
  4 deep elf archers
  6 wizards
  Pikel (D:9)
  16 lindwurms
  38 phantasmal warriors
  5 flayed ghosts
  A fenstrider witch simulacrum (Coc:1)
  5 orc knights
  An anaconda skeleton (Crypt:2)
  A bunyip skeleton (Abyss:3)
  17 deep elf pyromancers
  3 orc sorcerers
  14 ironbound convokers
  8 necromancers
  23 deep elf zephyrmancers
  2 oklob plants (Lair:5)
  10 shining eyes
  A shadow dragon skeleton (Crypt:1)
  37 ugly things
  2 stone giant zombies
  4 manticores
  4 cyclopes
  4 demonic crawlers
  A jorogumo skeleton (Crypt:2)
  7 wolf spiders
  7 rust devils (Hell)
  A naga zombie (Crypt:3)
  An iron dragon skeleton (Crypt:3)
  3 merfolk sirens
  A goliath frog skeleton (Crypt:1)
  A moth of wrath (Spider:3)
  A dire elephant zombie (Crypt:2)
  18 elephants
  4 centaur zombies
  A frost giant skeleton (Vaults:5)
  2 guardian serpents
  4 ice statues
  4 molten gargoyles (Hell)
  6 black mambas
  3 eyes of devastation (Slime:2)
  2 orange demons
  4 water nymphs
  4 smoke demons
  An eleionoma skeleton (Crypt:3)
  4 titan simulacra
  8 vault sentinels
  Maggie (D:6)
  14 cane toads
  A torpor snail (Spider:3)
  An orb spider zombie (Crypt:1)
  3 unseen horrors
  4 hellions
  2 yaktaur zombies
  3 komodo dragons
  2 kobold demonologists
  5 rime drakes
  A bunyip simulacrum (Coc:1)
  2 sea snake zombies (Hell)
  5 anaconda simulacra
  13 freezing wraiths
  27 yaktaurs
  4 iron giant simulacra
  A pale draconian skeleton (Crypt:3)
  6 tormentors
  An ancient zyme (Abyss:2)
  A harpy zombie (Shoals:2)
  2 human zombies
  A purple draconian skeleton (Crypt:3)
  4 guardian mummies (Crypt:3)
  A golden dragon simulacrum (Coc:7)
  3 hydra zombies
  A sea snake skeleton (Crypt:1)
  A death drake zombie (Crypt:3)
  6 merfolk
  6 hornets
  A tyrant leech (Lair:4)
  6 meliai
  A polar bear (Lair:1)
  A hornet (shapeshifter) (Vaults:5)
  3 hydra skeletons (Hell)
  2 wind drakes
  2 queen bees
  The ghost of Caterwaul the Carver, an amateur MfMo (D:5)
  10 tarantellas
  3 blink frogs
  7 nameless horrors
  2 iron dragon simulacra
  8 raiju (Abyss:2)
  A tarantella zombie (Crypt:3)
  A moth of wrath zombie (Crypt:1)
  A raiju (shapeshifter) (Abyss:3)
  5 stone giant simulacra
  A large abomination (Abyss:2)
  5 jumping spiders
  136 slime creatures
  2 snapping turtles
  5 flying skulls (Crypt:2)
  2 centaur simulacra (Coc:1)
  3 spriggans
  A meliai zombie (Crypt:1)
  4 culicivoras
  16 water elementals
  2 shadows
  4 naga simulacra
  17 wraiths
  41 yaks
  2 hogs (D:15)
  A wyvern (D:10)
  A fire elemental (Lair:4)
  6 dire elephant simulacra
  3 basilisks
  12 golden eyes
  2 black mamba skeletons
  A chaos spawn (Abyss:2)
  4 vampire mosquitoes
  3 neqoxecs (Abyss:2)
  3 steam dragons
  An elf skeleton (Vaults:3)
  A sea snake simulacrum (Hell)
  Menkaure (D:5)
  14 redbacks
  Edmund (D:4)
  A deep troll zombie (Crypt:3)
  A warg (Orc:1)
  An acid dragon (D:11)
  14 harpy simulacra
  2 hell hounds
  14 water moccasins
  A faun skeleton (Crypt:2)
  5 hydra simulacra
  2 floating eyes
  23 orc warriors
  A demonspawn skeleton (Crypt:3)
  An ice beast (shapeshifter) (Vaults:4)
  An ice beast (D:7)
  2 sky beasts
  A merfolk simulacrum (Coc:1)
  A black bear (D:8)
  A hornet zombie (Crypt:2)
  7 ettin simulacra
  12 wolves
  An elephant zombie (Crypt:2)
  A manticore zombie (Shoals:2)
  5 ogres
  A hog zombie (Crypt:1)
  4 boggarts (Vaults:1)
  A lindwurm skeleton (Crypt:3)
  13 centaurs
  A centaur (shapeshifter) (D:11)
  A lemure (D:9)
  3 kobold brigands
  3 phantoms
  15 bullfrogs
  2 earth elementals
  A gnoll sergeant (D:11)
  3 scorpions
  A human skeleton (Vaults:3)
  A salamander skeleton (Crypt:2)
  A deep troll simulacrum (Coc:1)
  An ogre simulacrum (Vaults:5)
  5 wights (D:8)
  A water moccasin skeleton (Crypt:2)
  31 killer bees
  A warg skeleton (Crypt:3)
  5 howler monkeys
  3 electric eels
  9 jellies
  2 gnoll boudas
  Crazy Yiuf (D:4)
  3 sleepcaps
  4 hounds
  10 orc priests
  Ijyb (D:3)
  4 starcursed masses (Abyss:2)
  12 orc wizards
  A hell rat (D:8)
  11 iguanas
  Natasha (thrice) (D:3)
  17 gnolls
  15 adders
  2 river rats (D:8)
  A shadow imp (D:7)
  2 ufetubi
  11 worms
  2 dart slugs
  56 orcs
  A bat zombie (Crypt:2)
  6 endoplasms
  4 giant cockroaches
  13 goblins
  17 hobgoblins
  4 jackals (D:3)
  34 kobolds
  2 quokkas
  4 ball pythons
  4 bats
  A frilled lizard (D:1)
  2 frilled lizard skeletons
  A giant cockroach zombie (Crypt:3)
  5 rats
  2 bushes (Lair:5)
  12 fulminant prisms
  5 tentacles
2162 creatures vanquished.

Vanquished Creatures (collateral kills)
  A caustic shrike (Dis:4)
  Nikola (Spider:4)
  An iron giant (Dis:4)
  Jorgrun (D:12)
  2 Hell Sentinels (Dis:4)
  A titan (Vaults:5)
  Gastronok (Lair:1)
  Roxanne (Spider:1)
  An iron dragon (Dis:4)
  5 emperor scorpions (Spider:4)
  A quicksilver elemental (Dis:3)
  2 ghost moths (Spider:4)
  Aizul (Shoals:1)
  A war gargoyle (Dis:4)
  A juggernaut skeleton (D:15)
  2 broodmothers (Spider:4)
  A lorocyproca (Abyss:2)
  3 dire elephants (Vaults:1)
  3 spark wasps
  A deep elf death mage (Elf:2)
  A merfolk javelineer (Shoals:4)
  7 entropy weavers
  5 merfolk impalers
  An iron golem (Dis:2)
  A yaktaur captain (Vaults:2)
  Harold (D:12)
  A vault guard (Vaults:5)
  A hydra (D:13)
  An alligator snapping turtle (Shoals:4)
  4 merfolk aquamancers (Shoals:4)
  6 boulder beetles
  3 centaur warriors
  22 dancing weapons
  2 radroaches
  3 merfolk avatars
  8 death yaks
  4 jorogumos
  An orc high priest (Orc:2)
  2 tengu warriors
  Urug (D:13)
  A deep elf knight (Elf:2)
  3 skysharks
  8 pharaoh ants
  7 skeletal warriors
  11 sea snakes
  A sun moth (Lair:3)
  2 flayed ghosts
  2 deep trolls
  10 orb spiders
  8 harpies
  A lindwurm (Vaults:1)
  6 steelbarb worms (Spider:4)
  A wizard (D:12)
  3 deep elf archers
  7 deep elf zephyrmancers
  15 deep elf pyromancers
  A fire giant zombie (D:15)
  11 fauns
  An orc sorcerer (Orc:2)
  3 ugly things (D:15)
  A salamander (shapeshifter) (Spider:1)
  18 wolf spiders
  5 manticores
  2 cyclopes
  9 merfolk sirens
  A moth of wrath (Spider:4)
  13 water nymphs
  3 torpor snails
  A vault sentinel (Vaults:1)
  A black mamba (Lair:2)
  5 demonic crawlers
  A cane toad (Lair:4)
  3 yaktaurs
  A freezing wraith (D:14)
  7 komodo dragons
  2 rime drakes
  A troll (Orc:1)
  A tengu conjurer (D:13)
  A queen bee (Spider:2)
  2 harpy zombies (Shoals:2)
  4 wind drakes
  18 merfolk
  2 meliai (Spider:2)
  20 tarantellas
  4 blink frogs
  9 snapping turtles
  2 air elementals
  24 jumping spiders
  4 slime creatures
  4 water elementals
  19 culicivoras
  2 yaks (Lair:4)
  3 wraiths
  2 fire elementals
  A basilisk (shapeshifter) (D:13)
  A wyvern (Lair:4)
  A small abomination (Abyss:2)
  55 redbacks
  4 vampire mosquitoes
  An acid dragon (D:14)
  4 water moccasins
  2 hell hounds (Lair:3)
  7 orc warriors
  An ogre (Orc:2)
  2 wolves
  2 bullfrogs (Lair:2)
  3 earth elementals
  9 killer bees
  2 electric eels (Spider:4)
  An orc priest (Orc:2)
  3 orc wizards
  3 worms (Spider:4)
  2 orcs (Orc:2)
507 creatures vanquished.

Vanquished Creatures (others)
  A juggernaut simulacrum (Coc:7)
  A dancing weapon (Elf:1)
  A wretched star (Abyss:2)
  A phantasmal warrior (Vaults:5)
  A deep elf zephyrmancer (Elf:1)
  An ugly thing (D:15)
  A tarantella (shapeshifter) (D:15)
  A culicivora (Spider:1)
  2 humans (D:15)
  A warg (D:12)
  A centaur (D:15)
  A goblin (D:4)
  14 bushes (Elf:2)
  91 fulminant prisms
  37 fungi
  189 plants
  2 spectral weapons (D:14)
  21 tentacles
  13 withered plants (D:15)
380 creatures vanquished.

Grand Total: 3049 creatures vanquished

Notes
Turn   | Place    | Note
-------+----------+-------------------------------------------
     0 | D:1      | bonscott the Djinni Gladiator began the quest for the Orb.
     0 | D:1      | Reached XP level 1. HP: 18/18 MP: 0/0
   121 | D:1      | Reached XP level 2. HP: 23/23 MP: 0/0
   440 | D:1      | Found Edituaxo's Assorted Antiques.
   471 | D:1      | Reached XP level 3. HP: 27/29 MP: 0/0
   471 | D:1      | Learned a level 1 spell: Sting
   776 | D:1      | Found a faded altar of an unknown god.
  1117 | D:2      | Reached skill level 1 in Spellcasting
  1200 | D:2      | Reached XP level 4. HP: 33/34 MP: 0/0
  1800 | D:3      | Noticed Ijyb
  1901 | D:3      | Noticed a scorpion
  1917 | D:3      | Killed a scorpion
  1918 | D:3      | Reached skill level 2 in Spellcasting
  1918 | D:3      | Reached XP level 5. HP: 24/41 MP: 0/0
  1918 | D:3      | Learned a level 2 spell: Lesser Beckoning
  2074 | D:3      | Killed Ijyb
  2228 | D:3      | Found Ciopnaegao's Book Boutique.
  2279 | D:3      | Reached XP level 6. HP: 44/47 MP: 0/0
  2686 | D:4      | Noticed Natasha
  2708 | D:3      | Killed Natasha
  2862 | D:4      | Noticed Edmund
  2938 | D:3      | Noticed Natasha
  2945 | D:3      | Killed Natasha
  3052 | D:3      | Noticed Natasha
  3062 | D:3      | Killed Natasha
  3063 | D:3      | Reached skill level 3 in Spellcasting
  3290 | D:4      | Reached skill level 5 in Fighting
  3290 | D:4      | Reached XP level 7. HP: 44/54 MP: 0/0
  3290 | D:4      | Learned a level 3 spell: Ozocubu's Armour
  3373 | D:4      | Found a shimmering altar of Xom.
  3720 | D:4      | Found a runed translucent door.
  3721 | D:4      | Noticed Crazy Yiuf
  3728 | D:4      | Killed Crazy Yiuf
  4071 | D:4      | Killed Edmund
  4072 | D:4      | Reached skill level 1 in Armour
  4072 | D:4      | Reached skill level 4 in Spellcasting
  4072 | D:4      | Reached XP level 8. HP: 55/61 MP: 0/0
  4188 | D:5      | Entered Level 5 of the Dungeon
  4197 | D:5      | Found a large runed translucent door.
  4198 | D:5      | Found a large runed translucent door.
  4590 | D:5      | Found Jaapogif's Weapon Shop.
  4830 | D:5      | Found a burning altar of Makhleb.
  5160 | D:5      | Reached XP level 9. HP: 64/67 MP: 0/0
  5160 | D:5      | Learned a level 3 spell: Vampiric Draining
  5235 | D:5      | Noticed Menkaure
  5250 | D:5      | Killed Menkaure
  5251 | D:5      | Reached skill level 5 in Spellcasting
  5600 | D:5      | Noticed Caterwaul's ghost (amateur MfMo)
  5840 | D:6      | Reached skill level 1 in Evocations
  5877 | D:6      | Found a staircase to the Ecumenical Temple.
  5886 | Temple   | Entered the Ecumenical Temple
  6276 | D:6      | Noticed Maggie
  6299 | D:6      | Killed Maggie
  6410 | D:6      | Found a sparkling altar of Nemelex Xobeh.
  6519 | D:6      | Reached skill level 5 in Evocations
  6526 | D:6      | Found the +8 frozen axe "Frostbite" {freeze, freezing
                  | cloud, *Noise Fly rC+}
  7417 | D:7      | Reached XP level 10. HP: 48/75 MP: 0/0
  7539 | D:7      | Identified the +7 trident of the Rattlesnake {heavy,
                  | Fragile rPois rC+ Int+3}
  7991 | D:7      | Reached skill level 5 in Armour
  8514 | D:7      | Found a stormy altar of Qazlal.
  8517 | D:7      | Found an ornate altar of the Wu Jian Council.
  8832 | D:8      | Noticed a death yak
  8833 | D:8      | Noticed a death yak
  8935 | D:8      | Noticed a komodo dragon
  9074 | D:8      | Found a staircase to the Lair.
  9083 | D:8      | Reached skill level 6 in Spellcasting
  9123 | D:8      | Found a flagged portal.
  9130 | Bailey   | Entered a bailey
  9196 | Bailey   | Identified the +0 chain mail "Raydala" {rPois Str+2 SInv}
  9671 | D:8      | Noticed a death yak
  9710 | D:8      | Killed a death yak
  9711 | D:8      | Reached XP level 11. HP: 82/82 MP: 0/0
  9711 | D:8      | Learned a level 4 spell: Fulminant Prism
  9728 | D:8      | Killed a death yak
  9734 | D:8      | Killed a death yak
 10497 | D:9      | Reached skill level 7 in Spellcasting
 10793 | D:9      | Found a glowing silver altar of Zin.
 10793 | D:9      | Noticed an angel
 10878 | D:9      | Noticed Pikel
 10900 | D:9      | Killed Pikel
 10903 | D:9      | Reached skill level 10 in Fighting
 11331 | D:10     | Entered Level 10 of the Dungeon
 11406 | D:10     | Noticed a two-headed ogre
 11411 | D:10     | Killed a two-headed ogre
 11762 | D:10     | Found a basalt altar of Yredelemnul.
 11868 | D:10     | Found a white marble altar of Elyvilon.
 11887 | D:10     | Found Xufiem's Antique Armour Shop.
 11895 | D:10     | Bought a pair of runed gloves for 127 gold pieces
 12063 | D:10     | Reached XP level 12. HP: 79/91 MP: 0/0
 12063 | D:10     | Noticed a two-headed ogre
 12076 | D:10     | Killed a two-headed ogre
 12267 | D:10     | Found a hide-covered altar of Uskayaw.
 12286 | D:10     | Noticed Sonja
 12295 | D:10     | Killed Sonja
 12996 | D:11     | Noticed a boulder beetle
 13009 | D:11     | Reached skill level 8 in Spellcasting
 13016 | D:11     | Killed a boulder beetle
 13658 | D:12     | Noticed a boulder beetle
 13673 | D:12     | Noticed Jorgrun
 13692 | D:12     | Killed a boulder beetle
 13822 | D:12     | Noticed a storm dragon
 14164 | Lair:1   | Entered Level 1 of the Lair of Beasts
 14175 | Lair:1   | Noticed Amaemon
 14186 | Lair:1   | Killed Amaemon
 14452 | Lair:1   | Reached skill level 5 in Shields
 14495 | Lair:1   | Reached XP level 13. HP: 85/99 MP: 0/0
 14495 | Lair:1   | Learned a level 5 spell: Summon Mana Viper
 14575 | Lair:1   | Noticed Nergalle
 14609 | Lair:1   | Killed Nergalle
 15020 | Lair:1   | Noticed Gastronok
 15061 | Lair:1   | Killed Gastronok
 15376 | Lair:1   | Reached skill level 10 in Armour
 15867 | Lair:2   | Reached skill level 9 in Spellcasting
 16192 | Lair:2   | Found a staircase to the Shoals.
 16988 | Lair:3   | Identified the ring "Qiaptixa" {rC+ SInv}
 17028 | Lair:3   | Found a runed translucent gate.
 17028 | Lair:3   | Found a runed translucent gate.
 17033 | Lair:3   | Found a runed translucent gate.
 17038 | Lair:3   | Noticed Ixoagrun's ghost (journeyman MiFi)
 17041 | Lair:3   | Found a viscous altar of Jiyva.
 17365 | Lair:3   | Reached XP level 14. HP: 104/108 MP: 0/0
 17541 | Lair:3   | Found the +3 pair of seven-league boots {Rampage+∞}
 17594 | Lair:3   | Found a hole to the Spider Nest.
 18927 | Lair:5   | Entered Level 5 of the Lair of Beasts
 18927 | Lair:5   | Found a staircase to the Slime Pits.
 18978 | Lair:5   | Reached skill level 10 in Spellcasting
 19237 | Lair:5   | Noticed Josephine
 19388 | Lair:5   | Killed Josephine
 20156 | Lair:4   | Reached XP level 15. HP: 50/115 MP: 0/0
 20156 | Lair:4   | Learned a level 6 spell: Plasma Beam
 20831 | Lair:5   | Identified the +2 pair of gloves of the Rose {+Inv rCorr
                  | Slay+2 Stlth-}
 20887 | Lair:5   | Identified the +1 robe "Coezie Tore" {rN++ Regen+ SInv}
 21362 | Lair:3   | Killed Ixoagrun's ghost
 21678 | Lair:3   | Identified the staff of conjuration "Cygreenn" {rF- rCorr
                  | Dex+2 Stlth+}
 21866 | Lair:1   | Reached skill level 10 in Shields
 22406 | D:12     | Found a runed translucent door.
 22408 | D:12     | Noticed a balrug
 22546 | D:12     | Found a staircase to the Orcish Mines.
 22671 | D:11     | HP: 1/116 [storm dragon/bolt of lightning (28)]
 23134 | Spider:1 | Entered Level 1 of the Spider Nest
 23134 | Spider:1 | Noticed Azrael
 25087 | D:11     | HP: 5/100 [constriction (6)]
 25480 | D:11     | HP: 2/100 [constriction (5)]
 25838 | Orc:1    | Entered Level 1 of the Orcish Mines
 25934 | Orc:1    | Noticed Harold
 25937 | Orc:1    | Noticed Snorg
 25987 | D:13     | Found Yhageykh's Distillery.
 26061 | D:13     | Bought a potion of resistance for 110 gold pieces
 26642 | Abyss:2  | Cast into level 2 of the Abyss (a wizard)
 26649 | D:12     | Escaped the Abyss
 26872 | D:13     | Found Dookkuf's Weapon Emporium.
 27065 | D:13     | Found Wostril's Antique Weapon Shop.
 27388 | D:13     | Noticed Urug
 27408 | D:13     | Killed Urug
 27677 | D:13     | Found Nyneh's Assorted Antiques.
 27690 | D:13     | Bought a scroll of teleportation for 111 gold pieces
 27690 | D:13     | Bought a scroll labelled JESTEI JILOUR for 37 gold pieces
 27690 | D:13     | Bought a scroll of blinking for 277 gold pieces
 27690 | D:13     | Bought a potion of heal wounds for 185 gold pieces
 27883 | D:13     | Reached skill level 11 in Spellcasting
 28008 | D:12     | Found the sphere of Battle
 29113 | D:13     | Bought a potion of haste for 110 gold pieces
 29218 | D:13     | Reached skill level 1 in Polearms
 29454 | D:13     | Found a gate to the Vaults.
 29510 | D:13     | Found Sypteox's Assorted Antiques.
 29518 | D:13     | Bought a bubbling inky potion for 32 gold pieces
 29629 | D:13     | Reached XP level 16. HP: 102/124 MP: 0/0
 30174 | D:14     | You are sucked into a shaft and drop 1 floor!
 30174 | D:15     | Entered Level 15 of the Dungeon
 30240 | D:15     | Noticed Kirke
 30262 | D:15     | Killed Kirke
 30263 | D:15     | Reached skill level 5 in Polearms
 30295 | D:15     | Noticed Bemoph's ghost (journeyman BaCK)
 30345 | D:15     | Found a transporter.
 30349 | D:15     | Found a transporter.
 31174 | D:15     | Found a staircase to the Depths.
 31682 | D:15     | Identified the +4 flail of the Ghost {spect, Will- Int+4
                  | SInv Stlth-}
 33011 | D:12     | Killed Jorgrun
 33012 | D:12     | Reached skill level 12 in Spellcasting
 33040 | D:11     | Killed a storm dragon
 33193 | D:12     | Killed Snorg
 33208 | D:12     | Killed Harold
 33784 | Orc:2    | Entered Level 2 of the Orcish Mines
 34338 | Orc:2    | Paralysed by an orc sorcerer for 2 turns
 34446 | Orc:2    | Noticed Saint Roka
 34470 | Orc:2    | Killed Saint Roka
 35049 | Orc:2    | Found Vekuamats's Antique Armour Boutique.
 35065 | Orc:2    | Found Naptac's Book Boutique.
 35336 | Orc:2    | Found a staircase to the Elven Halls.
 35743 | Orc:2    | Found Gipnell's Antique Weapon Boutique.
 35758 | Orc:2    | Found Riugudghu's General Store.
 35803 | Orc:1    | Reached skill level 13 in Spellcasting
 35803 | Orc:1    | Reached XP level 17. HP: 115/130 MP: 0/0
 35803 | Orc:1    | Learned a level 6 spell: Simulacrum
 35955 | Orc:2    | Bought a glowing cloak for 165 gold pieces
 36275 | D:5      | Became a worshipper of Makhleb the Destroyer
 36933 | Shoals:1 | Entered Level 1 of the Shoals
 37265 | Shoals:1 | Noticed Aizul
 37275 | Shoals:1 | Killed Aizul
 37345 | Shoals:1 | Reached * piety under Makhleb
 38046 | Shoals:2 | Identified the +4 chain mail of Cusannuf {rF+ Str+3 Int+3
                  | Dex-4}
 38073 | Shoals:2 | Found a runed translucent gate.
 38074 | Shoals:2 | Found a runed translucent gate.
 38075 | Shoals:2 | Found a runed translucent gate.
 38076 | Shoals:2 | Noticed IAmTheZeppo's ghost (adept DjCj)
 38103 | Shoals:2 | Reached skill level 14 in Spellcasting
 38773 | Shoals:3 | Noticed Donald
 38773 | Shoals:3 | Identified a scroll of acquirement
 38817 | Shoals:3 | Reached skill level 5 in Dodging
 38828 | Shoals:3 | Reached ** piety under Makhleb
 39013 | Shoals:3 | Acquired a staff of air
 39052 | Shoals:3 | Found Fiss's Weapon Shoppe.
 39161 | Shoals:3 | Reached *** piety under Makhleb
 39237 | Shoals:3 | Killed Donald
 39238 | Shoals:3 | Reached XP level 18. HP: 77/136 MP: 0/0
 39397 | Shoals:4 | Entered Level 4 of the Shoals
 39631 | Shoals:4 | Noticed a kraken
 39642 | Shoals:4 | Killed a kraken
 39676 | Shoals:4 | Got a barnacled rune of Zot
 39977 | Shoals:4 | Identified the staff of air "Siujuen" {rElec rN+}
 40065 | Shoals:4 | Reached **** piety under Makhleb
 40877 | Orc:2    | Bought a scroll of brand weapon for 142 gold pieces
 41165 | D:13     | Bought a thin emerald amulet for 180 gold pieces
 41396 | Lair:3   | Killed Azrael
 41527 | Spider:1 | Reached skill level 15 in Spellcasting
 41656 | Spider:1 | Identified the +5 quarterstaff "Ruokle" {heavy, rElec rN++
                  | Int-2 SInv}
 41832 | Spider:1 | Identified Roxanne's Atlas of Metamorphosis
 41832 | Spider:1 | Noticed Roxanne
 41853 | Spider:1 | Killed Roxanne
 42031 | Spider:1 | Reached ***** piety under Makhleb
 42350 | Spider:2 | Reached XP level 19. HP: 121/141 MP: 0/0
 42350 | Spider:2 | Learned a level 7 spell: Dragon Form
 42466 | Spider:2 | Found a runed translucent gate.
 42466 | Spider:2 | Noticed strontium90w's ghost (adept MiFi)
 42467 | Spider:2 | Found a runed translucent gate.
 42467 | Spider:2 | Found a runed translucent gate.
 42685 | Spider:2 | Identified the +0 robe of Mezcal {Str+3 Int+5}
 43230 | Spider:3 | Reached ****** piety under Makhleb
 44059 | Spider:4 | Entered Level 4 of the Spider Nest
 44105 | Spider:4 | Reached skill level 16 in Spellcasting
 44265 | Spider:4 | Reached skill level 15 in Shields
 44303 | Spider:4 | Got a gossamer rune of Zot
 44554 | Spider:4 | Noticed Bai Suzhen
 44581 | Spider:4 | Killed Bai Suzhen
 45040 | Spider:4 | Reached XP level 20. HP: 139/148 MP: 0/0
 45221 | Spider:4 | Noticed Nikola
 45236 | Spider:4 | Killed Nikola
 45237 | Spider:4 | Reached skill level 17 in Spellcasting
 45283 | Spider:4 | Reached skill level 1 in Invocations
 45946 | Elf:1    | Entered Level 1 of the Elven Halls
 46418 | Elf:1    | Found a runed translucent door.
 46446 | Elf:1    | Noticed Caliliti's ghost (journeyman MiFi)
 47193 | Elf:2    | Found Ditzyuz's Book Boutique.
 47475 | Elf:2    | Found Eroamocw's Jewellery Emporium.
 48068 | Elf:2    | Found Cooplo's Jewellery Shop.
 48069 | Elf:2    | Found Boecut's Book Shoppe.
 48069 | Elf:2    | Found Iloarche's Book Shoppe.
 48077 | Elf:2    | Bought an amulet of regeneration for 390 gold pieces
 48127 | Elf:2    | Reached skill level 1 in Maces & Flails
 48127 | Elf:2    | Found Loitos's Distillery.
 48321 | Elf:2    | Found a huge runed translucent gate.
 48321 | Elf:2    | Found a huge runed translucent gate.
 48321 | Elf:2    | Found a huge runed translucent gate.
 48325 | Elf:2    | Found a huge runed translucent gate.
 48328 | Elf:2    | Found a huge runed translucent gate.
 49036 | Elf:2    | Found Buevvalu's Jewellery Shoppe.
 49302 | Elf:2    | Reached skill level 18 in Spellcasting
 49700 | Elf:2    | Reached XP level 21. HP: 153/153 MP: 0/0
 49700 | Elf:2    | Learned a level 7 spell: Enfeeble
 49882 | Elf:3    | Entered Level 3 of the Elven Halls
 50106 | Elf:3    | Reached skill level 5 in Maces & Flails
 50781 | Elf:3    | Paralysed by an air elemental for 1 turns
 50785 | Elf:3    | Paralysed by an air elemental for 1 turns
 50788 | Elf:3    | Reached skill level 5 in Invocations
 50795 | Abyss:2  | Cast into level 2 of the Abyss (a deep elf sorcerer)
 51307 | Elf:3    | Escaped the Abyss
 51365 | Elf:3    | Identified the +3 hand axe of Etzuof {elec, Stlth+}
 51436 | Elf:3    | Identified the ring of Werreh {Fire Fly Will- rCorr Stlth+}
 51444 | Elf:3    | Noticed a Tzitzimitl
 51540 | Elf:3    | Identified the +4 great sword of the Fox {heavy, rElec
                  | rPois rC+ Dex+2}
 51540 | Elf:3    | Identified the amulet "Lioqiph" {Acrobat *Corrode rF+
                  | Slay+3}
 51552 | Elf:3    | Identified the +1 robe of Mygrawuw {rN+ rCorr Dex+4}
 51571 | Elf:3    | Identified the scarf "Fonn" {+Inv, Int+8 Dex-3 Slay-6}
 51573 | Elf:3    | Identified the +1 pair of gloves of Bireklur {rPois rF+
                  | Regen+}
 51647 | Elf:3    | Identified the +1 ring mail of the Soft God {rC- Regen+
                  | rCorr Stlth+}
 51654 | Elf:3    | Identified the +7 longbow "Killer Klown's Doom" {heavy,
                  | Dex+4 Stlth-}
 52299 | D:3      | Bought a manual of Armour for 1120 gold pieces
 52561 | Vaults:1 | Entered Level 1 of the Vaults
 52569 | Vaults:1 | Identified the +0 chain mail of Zycokig {rElec Stlth+}
 53722 | Vaults:2 | Reached XP level 22. HP: 128/159 MP: 0/0
 53913 | Vaults:2 | Reached skill level 19 in Spellcasting
 54334 | Vaults:2 | Reached skill level 10 in Dodging
 54494 | Vaults:2 | Found Igaunwak's Weapon Emporium.
 54651 | Vaults:2 | Found Boureami's Assorted Antiques.
 54834 | Vaults:2 | Bought a heavily runed helmet for 427 gold pieces
 54834 | Vaults:2 | Identified the +0 helmet of the Slorg {Dex+2} (You bought
                  | it in a shop on level 2 of the Vaults)
 54866 | Vaults:3 | Identified the +3 kite shield of Broken Taboos {Fly rElec
                  | rPois}
 54866 | Vaults:3 | Noticed Asterion
 54866 | Vaults:3 | Found Cyseusilui's Assorted Antiques.
 54870 | Vaults:3 | Killed Asterion
 54943 | Vaults:3 | Bought a potion of heal wounds for 145 gold pieces
 55197 | Vaults:3 | You are sucked into a shaft and drop 1 floor!
 55293 | Vaults:4 | Reached skill level 15 in Armour
 55306 | Vaults:4 | Noticed Mennas
 55316 | Vaults:4 | Killed Mennas
 55645 | Vaults:4 | Reached skill level 10 in Polearms
 55716 | Vaults:4 | Reached XP level 23. HP: 165/165 MP: 0/0
 55716 | Vaults:4 | Learned a level 8 spell: Summon Horrible Things
 55881 | Vaults:4 | Reached skill level 10 in Invocations
 56748 | Vaults:3 | Found a staircase to the Crypt.
 57238 | Vaults:5 | Entered Level 5 of the Vaults
 57245 | Vaults:5 | Reached skill level 5 in Throwing
 57307 | Vaults:5 | Paralysed by a sphinx for 5 turns
 57340 | Vaults:5 | Identified the +7 chain mail "Jejes" {Harm}
 57344 | Vaults:5 | Reached XP level 24. HP: 66/171 MP: 0/0
 57390 | Vaults:5 | Noticed an ancient lich
 57398 | Vaults:5 | Identified the +2 chain mail of Loaras {Harm Will+ Str-5}
 57399 | Vaults:5 | Killed an ancient lich
 57420 | Vaults:5 | Identified the amulet "Lumuru" {Spirit Harm rPois Str+7
                  | Int-5}
 57424 | Vaults:5 | Reached skill level 10 in Throwing
 57630 | Vaults:5 | Identified the ring of Kobleunn {rF+ SInv}
 57718 | Vaults:5 | Got a silver rune of Zot
 57871 | Vaults:5 | Identified the +3 ring mail "Tibep" {rN+ Int+4}
 57904 | Vaults:5 | Identified the ring "Fypeny" {rF+ rCorr Str-2 Dex+6}
 58045 | Vaults:5 | Identified the staff of death "Voliqew" {rPois rN+ rCorr
                  | Int-5}
 58145 | Vaults:5 | Identified the +0 morningstar of the Whale {distort, rN++
                  | Will+ Int-2 Dex+2}
 58232 | Vaults:5 | Identified the ring of Trepidation {rElec rN+ Will- AC+4
                  | Str+2}
 58355 | Vaults:5 | Found Gabusmun's Armour Boutique.
 58373 | Vaults:5 | Identified the +4 longbow of Oozing Pus {antimagic, Fly rF+
                  | Will- Str+3}
 59387 | Depths:1 | Entered Level 1 of the Depths
 59409 | Depths:1 | Identified the +4 leather armour of Context {Int+3 Dex-5}
 59429 | Depths:1 | Found Fyv Qexey's CLEARANCE SALE!.
 59568 | Depths:1 | HP: 3/171 [ettin/+0 dire flail (22)]
 59813 | Depths:1 | Reached skill level 20 in Spellcasting
 59831 | Depths:1 | Bought a potion of haste for 20 gold pieces
 59831 | Depths:1 | Bought a throwing net for 6 gold pieces
 59950 | Depths:1 | Found Big Baal Hell's Store.
 59956 | Depths:1 | Reached XP level 25. HP: 174/176 MP: 0/0
 59956 | Depths:1 | Learned a level 8 spell: Lehudib's Crystal Spear
 59978 | Depths:1 | Found a gateway to Hell.
 60712 | Depths:2 | Found a one-way gate to the infinite horrors of the Abyss.
 60900 | Depths:2 | Found a one-way gate leading to the halls of Pandemonium.
 61170 | Depths:2 | Noticed a caustic shrike
 61175 | Depths:2 | Killed a caustic shrike
 61188 | Depths:2 | Reached skill level 21 in Spellcasting
 61237 | Depths:2 | Identified the +2 leather armour of Vexation {Dex+2}
 61243 | Depths:2 | Noticed a juggernaut
 61245 | Depths:2 | Killed a juggernaut
 61387 | Depths:3 | Noticed Mara
 61391 | Depths:3 | Killed Mara
 61428 | Depths:3 | Found a white marble altar of Elyvilon.
 61451 | Depths:3 | Found a one-way gateway to a ziggurat.
 61618 | Depths:3 | You are sucked into a shaft and drop 1 floor!
 61618 | Depths:4 | Entered Level 4 of the Depths
 61649 | Depths:4 | Found a shadowy altar of Dithmenos.
 61895 | Depths:4 | Identified the +7 falchion of Law {chaos, *Slow Str+6
                  | Int+4}
 62560 | Depths:4 | Reached XP level 26. HP: 182/183 MP: 0/0
 62614 | Depths:4 | Reached skill level 22 in Spellcasting
 62642 | Depths:4 | Found a gate to the Realm of Zot.
 63108 | Crypt:1  | Entered Level 1 of the Crypt
 63157 | Crypt:1  | Reached skill level 1 in Stealth
 63292 | Crypt:1  | Identified the +2 robe of Divine Satisfaction {Str+3}
 64524 | Crypt:3  | Entered Level 3 of the Crypt
 64680 | Crypt:3  | Found a staircase to the Tomb.
 64860 | Crypt:3  | Reached skill level 23 in Spellcasting
 65250 | Crypt:3  | Reached XP level 27. HP: 185/188 MP: 0/0
 65250 | Crypt:3  | Learned a level 9 spell: Polar Vortex
 65358 | Crypt:3  | Noticed Jory
 65361 | Crypt:3  | Killed Jory
 65416 | Crypt:3  | Identified the ring "Bijenwu" {Fly rF+ rC+}
 65419 | Crypt:3  | Identified the ring of Fataaph {Fire *Slow rPois SInv}
 65627 | Crypt:3  | Identified the +10 rapier "Ruumih" {elec, rF+}
 66082 | Hell     | Entered the Vestibule of Hell
 66082 | Hell     | Noticed Geryon
 66087 | Hell     | Killed Geryon
 66124 | Hell     | Reached skill level 24 in Spellcasting
 66222 | Hell     | Found a gateway to the freezing wastes of Cocytus.
 66313 | Hell     | Found a gateway to the decaying netherworld of Tartarus.
 66353 | Hell     | Found a gateway to the ashen valley of Gehenna.
 66419 | Hell     | Found a gateway to the Iron City of Dis.
 66562 | D:15     | Killed Bemoph's ghost
 66896 | D:5      | Killed Caterwaul's ghost
 67108 | Shoals:2 | Killed IAmTheZeppo's ghost
 67283 | Spider:2 | Killed strontium90w's ghost
 67633 | Elf:1    | Killed Caliliti's ghost
 67932 | Slime:1  | Entered Level 1 of the Pits of Slime
 68825 | Slime:4  | Reached skill level 25 in Spellcasting
 68965 | Slime:5  | Entered Level 5 of the Pits of Slime
 68980 | Slime:5  | Noticed the Royal Jelly
 68989 | Slime:5  | Killed the Royal Jelly
 69135 | Slime:5  | Found the +8 lance "Wyrmbane" {slay drac, rPois rF+ rC+
                  | AC+3}
 69149 | Slime:5  | Got a slimy rune of Zot
 69179 | Slime:5  | Identified the +2 scimitar of Molituc {holy, Drain Will+
                  | Int+2 Dex+5}
 69188 | Slime:5  | Identified the ring of Kokkex {Fire rN++ Int+2}
 69227 | Slime:5  | Identified the ring "Gaeceott" {AC+4 Int+3}
 69246 | Slime:5  | Identified the +6 quarterstaff of Suiw {flame, rF+ Str+2}
 69257 | Slime:5  | Identified the orb of Disguise {guile, *Slow +Blink Str+3}
 69903 | Coc:1    | Entered Level 1 of Cocytus
 70202 | Coc:3    | Reached skill level 26 in Spellcasting
 70393 | Coc:4    | Noticed a shard shrike
 70398 | Coc:4    | Killed a shard shrike
 70398 | Coc:4    | Noticed a shard shrike
 70400 | Coc:4    | Noticed a shard shrike
 70401 | Coc:4    | Killed a shard shrike
 70418 | Coc:4    | Killed a shard shrike
 70539 | Coc:5    | Noticed a shard shrike
 70544 | Coc:5    | Noticed a shard shrike
 70544 | Coc:5    | Noticed a shard shrike
 70553 | Hell     | Killed a shard shrike
 70929 | Coc:5    | Killed a shard shrike
 70930 | Coc:5    | Killed a shard shrike
 71255 | Coc:7    | Entered Level 7 of Cocytus
 71301 | Coc:7    | Reached skill level 27 in Spellcasting
 71387 | Coc:7    | Paralysed by a wendigo for 1 turns
 71440 | Coc:7    | Reached skill level 15 in Fighting
 71699 | Coc:7    | Noticed a shard shrike
 71754 | Coc:7    | Killed a shard shrike
 71762 | Coc:7    | Noticed a shard shrike
 71763 | Coc:7    | Killed a shard shrike
 71845 | Coc:7    | Identified the staff of death "Hadwu" {*Slow rPois rC++ rN+
                  | Dex+4}
 71857 | Coc:7    | Identified the ring of Balance {rPois rF- Int-2 Dex+7}
 71863 | Coc:7    | Identified the +4 falchion of Meerair {freeze, rPois rC+
                  | Str+2}
 72073 | Coc:7    | Noticed a shard shrike
 72074 | Coc:7    | Killed a shard shrike
 72330 | Coc:7    | Noticed a shard shrike
 72332 | Coc:7    | Killed a shard shrike
 72376 | Coc:7    | Noticed Antaeus
 72386 | Coc:7    | Killed Antaeus
 72465 | Coc:7    | Got an icy rune of Zot
 72584 | Dis:1    | Entered Level 1 of the Iron City of Dis
 72765 | Dis:2    | Reached skill level 10 in Evocations
 72767 | Dis:2    | Noticed a dread lich
 72775 | Dis:2    | Killed a dread lich
 73774 | Dis:5    | Noticed a dread lich
 73783 | Hell     | HP: 8/201 [caustic shrike (7)]
 73784 | Hell     | Slain by a caustic shrike

Illustrated notes

Levels and vault maps discovered:
D:1:      lightli_arrival_boilingwater, layout_loops_corners,
          hellmonk_ecumenical_altar_arch_garden, serial_shops, shop,
          st_stairs_12
D:2:      layout_basic
D:3:      layout_basic, mainiacjoe_overflow_catwalk, serial_shops, shop,
          uniq_ijyb
D:4:      layout_cave_pools, mainiacjoe_overflow_paths, minmay_splitting_lines,
          minmay_manual_mares, uniq_crazy_yiuf_cottage, uniq_natasha,
          uniq_edmund
D:5:      corexii_shack_village, layout_cave_pools,
          mainiacjoe_overflow_surrounded_room, kiku_gazebo_garden_becter,
          ebering_ghost_disaster_area, serial_shops,
          nicolae_shop_rolling_square, nicolae_wormholes, uniq_menkaure
D:6:      layout_loops_corners, mainiacjoe_overflow_alcove_1,
          minmay_temple_entry_ruins, hangedman_minor_gate_pass, uniq_maggie
D:7:      kennysheep_spiral_hall, layout_loops_ring,
          nicolae_overflow_hidden_temple
D:8:      layout_loops_cross, dpeg_lair_monsters, enter_bailey_5,
          minmay_misc_feat_iff
D:9:      layout_loops_ring, zin_angel, chequers_serial_rivers_small_b,
          uniq_pikel
D:10:     layout_roguey, kennysheep_ying_yang, nicolae_uskayaw_suspiria,
          serial_shops, shop, uniq_sonja
D:11:     layout_basic
D:12:     dreamdust_dug_too_deep, layout_irregular_city, david_orc_3,
          minmay_checkered_concentric_circles, uniq_jorgrun
D:13:     layout_irregular_city, david_vaults_4, serial_shops, shop_fountains,
          shop, shop, nicolae_shop_statue_plus, nicolae_shop_window_shopping,
          uniq_urug
D:14:     layout_loops_ring, dk_noncrumbling_2, st_stairs_13
D:15:     gammafunk_depths_entry_grave, layout_stronghold, gammafunk_ghost_hive,
          uniq_kirke
Temple:   bh_familiar_temple
Lair:1:   layout_cave_pods, pdpol_lair_cavern_descent, uniq_amaemon,
          uniq_nergalle, uniq_gastronok
Lair:2:   layout_regular_city, elwin_shoals_entry_rocks, lemuel_fruit_tree,
          serial_bayou_shore_b
Lair:3:   layout_gridlike, dummy_spider_entry, gammafunk_ghost_ooze,
          serial_forest, infiniplex_forest_clump_small,
          infiniplex_forest_lined_3, infiniplex_forest_clump_long,
          infiniplex_forest_lined_2, infiniplex_forest_straight_5,
          hellmonk_guarded_unrand_seven_league_boots, lemuel_fruit_fields
Lair:4:   layout_roguey, dreamdust_gnoll_shepherd, lemuel_fruit_fields,
          grunt_megastairs_1
Lair:5:   minmay_lair_end_frog_pond, layout_loops_ring,
          minmay_slime_entry_oklob_open, uniq_josephine
Shoals:1: layout_shoals, nicolae_shoals_so_close, uniq_aizul
Shoals:2: layout_shoals, ebering_ghost_rock_garden, nicolae_shoals_undead_eyrie
Shoals:3: layout_shoals, serial_shops, nicolae_stop_n_shop_2, uniq_donald
Shoals:4: shoals_end_simple, layout_shoals, nicolae_splish_splash
Spider:1: layout_chambers, hellmonk_deceptive_appearances, uniq_roxanne,
          uniq_azrael
Spider:2: nicolae_spider_mines_3, ebering_ghost_rock_garden, drop_trap,
          nicolae_looking_at_the_future
Spider:3: layout_spider_delve
Spider:4: grunt_spider_rune_circles, hive_lemuel, uniq_bai_suzhen, uniq_nikola
Slime:1:  layout_caves
Slime:2:  layout_caves
Slime:3:  layout_caves
Slime:4:  nicolae_slime_infinislime, layout_caves, nicolae_slime_crime_time
Slime:5
Orc:1:    layout_diamond_mine, basic_altar, mines5_lemuel, uniq_snorg,
          uniq_harold
Orc:2:    grunt_orc_cross, layout_diamond_mine
Elf:1:    eino_elf_arrival_shootout, layout_onion_city,
          ebering_ghost_reflecting_pool, minmay_elf_sorcery,
          lemuel_upstairs_altar
Elf:2:    elven_hall_of_blades_hangedman_alternative
          [nicolae_blade_little_rooms], layout_geoelf_grid, serial_shops, shop,
          nicolae_shop_rolling_square, nicolae_shop_window_shopping, shop,
          hex_tiny, minmay_shop_grove
Elf:3:    minmay_elf_hall_dome, layout_geoelf_diagonals, grunt_megastairs_4
Vaults:1: v_pattern_5, ontoclasm_vaults_ligature, ontoclasm_vaults_eye,
          nicolae_vaults_rhombus_6, v_misc_29, ontoclasm_vaults_decontamination,
          nicolae_vaults_closet_pinwheel_4, vaults_room_door_ring, v_misc_14,
          vaults_room_pool, nicolae_vaults_security_offices_4,
          layout_vaults_omnigrid
Vaults:2: v_misc_4, vaults_dpeg_emergency_exit, nicolae_vaults_arrows,
          nicolae_vaults_network_periphery, nicolae_vaults_house_1,
          ontoclasm_vaults_gateway, layout_vaults_omnicross, serial_shops, shop,
          shop
Vaults:3: vaults_dpeg_hooks, vaults_room_semicircle,
          minmay_crypt_entry_simple_plaza, nicolae_vaults_hallways_thing,
          vaults_room_corners, nicolae_vaults_tetromino_Z_2,
          nicolae_vaults_apartment_2, nicolae_vaults_storage_room_doors,
          nicolae_vaults_apartment_1, v_misc_17, layout_vaults_ring,
          serial_shops, shop, uniq_asterion
Vaults:4: nicolae_vaults_closet_pinwheel_5, st_more_cells,
          vaults_room_grunt_arrival_ludios, nicolae_vaults_yaktaur_gun_rack,
          vaults_room_fancy_cross, ontoclasm_vaults_loading_screen,
          vaults_standard_mumra_enter_the_diamond, hangedman_vaults_maws,
          ontoclasm_vaults_hangar, nicolae_vaults_octothorpe,
          layout_vaults_chaotic_city, uniq_mennas
Vaults:5: serial_shops
Crypt:1:  layout_basic, hangedman_feature_mirror, grunt_megastairs_3,
          grunt_crypt_arrival_split
Crypt:2:  layout_gridlike, st_stairs_13
Crypt:3:  church_of_pain_bobbens, layout_chaotic_city, tomb_entry_simple_bobbens
Depths:1: layout_gridville, serial_bayou_pond_b,
          nicolae_hell_entry_big_baal_hell, nicolae_shop_clearance,
          uniq_saint_roka
Depths:2: nzn_winding_woodlands_stair_cross
          [nzn_winding_woodlands_5x15_river_crossing,
          nzn_winding_woodlands_center_diamonds,
          nzn_winding_woodlands_5x15_pathside_ponds,
          nzn_winding_woodlands_5x5_checkerboard,
          nzn_winding_woodlands_5x5_three,
          nzn_winding_woodlands_5x15_concentric,
          nzn_winding_woodlands_center_lodge, nzn_winding_woodlands_5x15_eye],
          layout_basic, abyss_entry, serial_sigils,
          serial_sigils_hangedman_gnaw, serial_sigils_hangedman_scratch,
          serial_sigils_hangedman_gut, serial_sigils_hangedman_snap,
          serial_sigils_hangedman_writhe, serial_sigils_hangedman_shear,
          pf_hell_entry_tar_river, pan_entry
Depths:3: evilmike_silver_temple, layout_basic, enter_ziggurat_d,
          serial_bayou_pond_b, nicolae_abyss_entry_one_way_or_another,
          ebering_ghost_inner_flame, hellmouth_1, elyvilon_altar_3,
          infiniplex_staircase_pool_1, uniq_mara, uniq_margery
Depths:4: grunt_zot_entry_bicorn, layout_honeycomb, abyss_entry_crystal,
          nicolae_vehumet_altar_sigil, grunt_hell_entry_dis_mu,
          grunt_ministairs_14, nicolae_dithmenos_shadow_blocks
Hell
Dis:1:    layout_overlapping_boxes, glass_columns_c
Dis:2:    hangedman_dis_monolith, layout_regular_city
Dis:3:    layout_regular_city
Dis:4:    layout_overlapping_boxes
Dis:5:    layout_gridville
Coc:1:    layout_ice_bergs
Coc:2:    nicolae_coc_icebeans_plural [nicolae_sub_coc_subbean,
          nicolae_sub_coc_subbean, nicolae_sub_coc_subbean,
          nicolae_sub_coc_subbean], layout_cocytus_delve,
          nicolae_hells_seeping_fissure
Coc:3:    layout_ice_bergs
Coc:4:    nicolae_coc_through_the_icewall, layout_cocytus_water_paths
Coc:5:    layout_cocytus_delve
Coc:6:    layout_ice_bergs
Coc:7:    coc_hangedman

Skill      XL: |  1  2  3  4  5  6  7  8  9 10 11 12 13 14 15 16 17 18 19 20 21 22 23 24 25 26 27 |
---------------+----------------------------------------------------------------------------------+-----
Spellcasting   | 1 2 3 4 5 6 7 8 9 10 11 13 14 15 16 18 19 20 21 23 27 | 27.0
Fighting       | 3 4 5 6 7 8 10 11 12 13 14 18 | 18.4
Armour         | 1 3 4 6 8 9 10 12 13 14 15 18 | 18.6
Evocations     | 7 8 10 | 10.0
Shields        | 5 7 9 10 12 15 16 18 | 18.0
Polearms       | 3 7 10 | 10.0
Throwing       | 4 8 10 | 10.0
Dodging        | 6 7 10 11 | 11.0
Invocations    | 4 8 9 13 14 | 14.0
Maces & Flails | 4 6 |  6.0
Stealth        | 4 |  4.0
Long Blades    | |  2.8

Action                     |  1- 3 |  4- 6 |  7- 9 | 10-12 | 13-15 | 16-18 | 19-21 | 22-24 | 25-27 || total
---------------------------+-------+-------+-------+-------+-------+-------+-------+-------+-------++-------
  Melee: Long sword        |    67 |   183 |    64 |       |       |    12 |     4 |       |       ||   330
         Punch             |     1 |       |     6 |       |       |       |       |       |       ||     7
         Flail             |       |       |   200 |    37 |    18 |    75 |       |       |       ||   330
         Executioner's axe |       |       |    41 |   259 |   202 |       |       |       |       ||   502
         Demon whip        |       |       |       |    27 |   169 |    36 |       |       |       ||   232
         Demon trident     |       |       |       |       |    43 |   216 |   171 |    18 |     2 ||   450
         Falchion          |       |       |       |       |    40 |    28 |       |       |       ||    68
         Unarmed           |       |       |       |       |     6 |       |     6 |       |       ||    12
         Staff             |       |       |       |       |     1 |       |    23 |     4 |     8 ||    36
         Eveningstar       |       |       |       |       |       |       |   177 |    12 |       ||   189
         Trident           |       |       |       |       |       |       |     8 |       |       ||     8
         Scimitar          |       |       |       |       |       |       |    12 |       |       ||    12
         Tailslap          |       |       |       |       |       |       |     3 |       |       ||     3
         Bite              |       |       |       |       |       |       |     1 |       |       ||     1
         Trishula          |       |       |       |       |       |       |       |       |     4 ||     4
   Fire: Sling             |       |     1 |    16 |     1 |       |       |       |       |       ||    18
  Throw: Dart              |       |     1 |     1 |     8 |     1 |     4 |       |     8 |     1 ||    24
         Throwing net      |       |       |     1 |     1 |       |     2 |       |       |     2 ||     6
         Stone             |       |       |     7 |    17 |       |       |       |       |       ||    24
         Javelin           |       |       |       |     2 |       |     5 |       |     5 |     2 ||    14
         Boomerang         |       |       |       |     5 |     7 |   110 |     5 |    62 |    10 ||   199
   Cast: Sting             |       |     7 |    14 |       |     1 |       |       |       |       ||    22
         Ozocubu's Armour  |       |       |     5 |    34 |    90 |    61 |    52 |    11 |     5 ||   258
         Vampiric Draining |       |       |    12 |   132 |   205 |   277 |   306 |   110 |       ||  1042
         Lesser Beckoning  |       |       |     1 |    13 |    13 |    25 |    14 |     3 |       ||    69
         Fulminant Prism   |       |       |       |     6 |    70 |    20 |     1 |     5 |     2 ||   104
         Summon Mana Viper |       |       |       |       |   101 |    95 |   100 |    11 |     2 ||   309
         Plasma Beam       |       |       |       |       |       |    32 |   139 |   414 |   972 ||  1557
         Simulacrum        |       |       |       |       |       |   129 |   130 |       |       ||   259
         Enfeeble          |       |       |       |       |       |       |    35 |    27 |    22 ||    84
         Dragon Form       |       |       |       |       |       |       |     1 |       |       ||     1
         Summon Horrible T |       |       |       |       |       |       |       |     1 |    10 ||    11
         Lehudib's Crystal |       |       |       |       |       |       |       |       |   160 ||   160
         Polar Vortex      |       |       |       |       |       |       |       |       |    19 ||    19
 Invoke: Lesser Servant of |       |       |       |       |       |       |       |     3 |       ||     3
         Greater Servant o |       |       |       |       |       |       |       |     1 |       ||     1
Ability: Evoke Invisibilit |       |       |       |       |     2 |       |       |     1 |     2 ||     5
         End Transformatio |       |       |       |       |       |       |     1 |       |       ||     1
  Evoke: Wand              |       |     1 |     2 |     5 |    10 |    14 |    10 |     7 |       ||    49
         Phantom mirror    |       |       |       |     1 |     1 |       |     1 |       |       ||     3
    Use: Scroll            |       |     2 |     7 |    15 |    24 |     8 |    11 |    15 |     5 ||    87
         Potion            |       |     1 |       |     1 |     3 |     6 |     7 |    11 |    10 ||    39
   Stab: Sleeping          |       |     1 |     2 |     1 |       |       |       |       |       ||     4
         Distracted        |       |       |       |     1 |     1 |     7 |     7 |     1 |       ||    17
         Invisible         |       |       |       |       |       |       |     2 |       |     1 ||     3
 Armour: Leather armour    |    22 |    78 |    74 |       |       |       |       |       |       ||   174
         Steam dragon scal |       |       |    43 |   109 |       |       |       |       |       ||   152
         Ring mail         |       |       |    19 |   129 |    61 |       |       |       |       ||   209
         Chain mail        |       |       |       |     2 |       |       |       |       |       ||     2
         Pearl dragon scal |       |       |       |       |   613 |   436 |   391 |   146 |   196 ||  1782
         Scale mail        |       |       |       |       |     2 |       |       |       |       ||     2
         Skin              |       |       |       |       |       |       |     2 |       |       ||     2
  Dodge: Dodged            |    48 |   106 |   203 |   345 |   453 |   282 |   297 |   101 |   155 ||  1990
         Repelled          |       |       |       |       |     9 |     1 |    10 |     4 |    17 ||    41
  Block: Other             |       |    33 |    88 |   101 |   138 |       |       |       |       ||   360
         Reflection        |       |     2 |     2 |    13 |     6 |    30 |    22 |    19 |    14 ||   108
         Buckler           |       |       |       |    51 |   269 |   484 |   160 |       |       ||   964
         Kite shield       |       |       |       |       |       |       |   332 |   144 |   226 ||   702
